 Dungeon Crawl Stone Soup version 0.25-a0-86-ga6f17ae7d4 (webtiles) character file.

Game seed: 10017507112928813522, levelgen mode: deterministic

1358 MordorOrchid the Carver (level 8, -23/66 HPs)
             Began as a Minotaur Chaos Knight on Nov 9, 2019.
             Was a Plaything of Xom.
             Annihilated by a shadow (32 damage)
             ... summoned by the capriciousness of Xom
             ... on level 6 of the Dungeon.
             The game lasted 00:09:42 (4034 turns).

MordorOrchid the Carver (Minotaur Chaos Knight)     Turns: 4034, Time: 00:09:43

Health: -23/66     AC:  8    Str: 18    XL:     8   Next: 37%
Magic:  0/7        EV: 11    Int:  9    God:    Xom [*.....]
Gold:   235        SH:  0    Dex: 11    Spells: 7/7 levels left

rFire    . . .     SeeInvis .   a - +0 falchion (chaos)
rCold    + . .     Gourm    .   (no shield)
rNeg     . . .     Faith    .   b - +2 leather armour
rPois    +         Spirit   +   (helmet restricted)
rElec    .         Reflect  .   x - scarf {Spirit}
rCorr    .         Harm     .   p - +0 pair of gloves
MR       .....                  n - +0 pair of boots
Stlth    +.........             (no amulet)
HPRegen  0.21/turn              d - ring of poison resistance
MPRegen  0.10/turn              j - ring of protection from cold

@: no status effects
A: retaliatory headbutt, horns 2
a: Renounce Religion


You were on level 6 of the Dungeon.
You worshipped Xom.
You were a special plaything of Xom.
You were not hungry.

You visited 1 branch of the dungeon, and saw 6 of its levels.

You collected 255 gold pieces.
You spent 20 gold pieces at shops.

Inventory:

Hand Weapons
 a - a +0 falchion of chaos (weapon)
 y - a +4 dagger of venom
 B - a +1 dagger of freezing
Missiles
 r - 71 bolts
 u - 60 arrows
 C - 6 javelins (quivered)
 D - 13 sling bullets
 E - 14 poisoned darts
 I - a curare-tipped dart
Armour
 b - a +2 leather armour (worn)
 n - a +0 pair of boots (worn)
 p - a +0 pair of gloves (worn)
 x - a scarf of spirit shield (worn)
Jewellery
 d - a ring of poison resistance (left hand)
 j - a ring of protection from cold (right hand)
Wands
 s - a wand of flame (7)
Scrolls
 e - a scroll of fear {unknown}
 f - 4 scrolls of teleportation
 g - a scroll of fog {unknown}
 h - a scroll of immolation
 o - a scroll of enchant armour {unknown}
 t - a scroll of amnesia {unknown}
 v - a scroll of remove curse
 A - a scroll of random uselessness {unknown}
 G - a scroll of magic mapping {unknown}
Potions
 i - a potion of cancellation {unknown}
 k - 6 potions of flight
 l - a potion of invisibility {unknown}
 m - 2 potions of lignification
 q - a potion of resistance {unknown}
 w - 3 potions of curing
 z - 3 potions of heal wounds
 F - a potion of haste {unknown}
Comestibles
 c - 16 rations
 H - a chunk of flesh


   Skills:
 - Level 4.0 Fighting
 + Level 10.6 Long Blades
 * Level 7.3 Armour
 - Level 1.1 Dodging


You had 7 spell levels left.
You didn't know any spells.
Your spell library was empty.

Dungeon Overview and Level Annotations

Branches:
Dungeon (6/15)             Temple (0/1) D:5

Altars:
Dithmenos
Xom

Shops:
D:4 =

Annotations:
D:3 dig


Innate Abilities, Weirdness & Mutations

You reflexively headbutt those who attack you in melee.
You have a pair of horns on your head.


Message History

You hit the shadow but do no damage.
The shadow is almost destroyed.
You hit the shadow.
You destroy the shadow!
You swing at nothing.
You hit the shadow but do no damage.
The shadow seems to speed up.
Xom is highly amused!
The shadow slips into darkness.
The shadow flickers and vanishes!
Deactivating autopickup; reactivate with Ctrl-A.
You hit something but do no damage.
The shadow strikes at you from the darkness!
* * * LOW HITPOINT WARNING * * *
Reactivating autopickup.
You hit the shadow.
The shadow flickers and vanishes!
Deactivating autopickup; reactivate with Ctrl-A.
Xom thinks this is hilarious!
The shadow strikes at you from the darkness!
You die...
Xom guffaws!

# #.# #.#. # #.# #.#. # #.# #.#.
# #.# #.#. # #.# #.#. ###
#####.# #.#. ..# #.....# #.#.
#.############ #.##### #.#
#............# #@# #.#
#.#######.##.# #{# #########.#
..# #.##.# #.# #.........#
.########)##.###.#####.#########
.....†.................#
.######...##.###.####### ##
#.###...#...########
#.##......#.........
#.###...#...########


There were no monsters in sight!

Vanquished Creatures
  Pikel (D:5)
  Grinder (D:5)
  Sigmund (D:4)
  Duvessa (D:4)
  A phantom (D:5)
  A slave (D:5)
  An ogre (D:5)
  A centaur (D:5)
  A scorpion (D:5)
  Dowan (D:4)
  A howler monkey (D:5)
  A hound (D:3)
  2 jellies
  3 orc wizards
  An iguana (D:3)
  Natasha (twice) (D:4)
  2 worker ants
  A hound skeleton (D:5)
  A howler monkey zombie (D:5)
  2 gnolls (D:5)
  5 adders
  A shadow imp (D:5)
  A worm (D:2)
  A dart slug (D:5)
  4 leopard geckos
  10 orcs
  10 giant cockroaches
  6 goblins
  6 hobgoblins
  7 jackals
  3 quokkas
  3 ball pythons
  6 bats
  4 frilled lizards
  9 kobolds
  2 leopard gecko skeletons
  11 rats
115 creatures vanquished.

Vanquished Creatures (collateral kills)
  2 gnolls (D:5)
2 creatures vanquished.

Vanquished Creatures (others)
  2 slaves (D:5)
  A scorpion (D:4)
  A worker ant (D:5)
  An adder (D:5)
  A hobgoblin (D:3)
6 creatures vanquished.

Grand Total: 123 creatures vanquished

Notes
Turn   | Place    | Note
-------+----------+-------------------------------------------
     0 | D:1      | MordorOrchid the Minotaur Chaos Knight began the quest for
                  | the Orb.
     0 | D:1      | Reached XP level 1. HP: 19/19 MP: 0/0
    12 | D:1      | XOM: potion effect (agility)
    39 | D:1      | XOM: harmless Pois miscast
    68 | D:1      | XOM: harmless Tloc miscast
   138 | D:1      | XOM: potion effect (haste)
   144 | D:1      | Reached XP level 2. HP: 26/27 MP: 1/1
   242 | D:1      | Reached skill level 4 in Long Blades
   418 | D:1      | XOM: harmless Air miscast
   511 | D:1      | XOM: harmless Tloc miscast
   632 | D:1      | Reached XP level 3. HP: 31/33 MP: 2/2
   711 | D:1      | XOM: divination: detect creatures
  1162 | D:2      | Reached skill level 5 in Long Blades
  1162 | D:2      | Reached XP level 4. HP: 38/40 MP: 3/3
  1171 | D:2      | XOM: god gift: blue potion {god gift}
  1177 | D:2      | XOM is BORED!
  1177 | D:2      | XOM: noise
  1548 | D:3      | Reached XP level 5. HP: 46/46 MP: 4/4
  1606 | D:3      | Reached skill level 6 in Long Blades
  1846 | D:3      | XOM is BORED!
  1846 | D:3      | XOM: noise
  1852 | D:3      | XOM: noise
  1858 | D:3      | XOM: cloud trail
  1947 | D:4      | Noticed Duvessa
  1947 | D:4      | Noticed Dowan
  1963 | D:4      | XOM: cast spell 'Summon Butterflies'
  1965 | D:4      | XOM: smoke on damage
  1966 | D:4      | Killed Dowan
  1972 | D:4      | Killed Duvessa
  1972 | D:4      | Reached skill level 7 in Long Blades
  1972 | D:4      | Reached skill level 5 in Armour
  1972 | D:4      | Reached XP level 6. HP: 12/52 MP: 5/5
  2305 | D:4      | Noticed Natasha
  2316 | D:4      | Killed Natasha
  2350 | D:4      | Found Xoil's Jewellery Emporium.
  2354 | D:4      | Bought a cursed amulet of inaccuracy for 20 gold pieces
  2422 | D:4      | Noticed Sigmund
  2432 | D:4      | Killed Sigmund
  2432 | D:4      | Reached skill level 8 in Long Blades
  2432 | D:4      | Reached XP level 7. HP: 51/59 MP: 6/6
  2460 | D:4      | XOM: divine lightning
  2552 | D:4      | Noticed Natasha
  2562 | D:4      | Killed Natasha
  2731 | D:5      | Entered Level 5 of the Dungeon
  2753 | D:5      | XOM: god gift: 6 rations
  2758 | D:5      | Found a shadowy altar of Dithmenos.
  2886 | D:5      | Reached skill level 9 in Long Blades
  2991 | D:5      | Noticed Pikel
  2991 | D:5      | XOM: enchant monster (good)
  2993 | D:5      | XOM: cast spell 'Dispersal'
  2995 | D:5      | XOM: destruction
  2996 | D:5      | Killed Pikel
  2998 | D:5      | XOM: summons 6 friendly demons
  3087 | D:5      | XOM: confuse monster(s)
  3107 | D:5      | Noticed Grinder
  3111 | D:5      | XOM: enchant monster (good)
  3130 | D:5      | Killed Grinder
  3130 | D:5      | Reached skill level 10 in Long Blades
  3130 | D:5      | Reached XP level 8. HP: 21/66 MP: 7/7
  3439 | D:5      | Found a staircase to the Ecumenical Temple.
  3512 | D:5      | XOM: scenery: create altars
  3515 | D:5      | XOM: fog
  3681 | D:5      | XOM: mild Ice miscast
  3788 | D:6      | XOM: noise
  4016 | D:6      | XOM: medium Necr miscast
  4034 | D:6      | Annihilated by a shadow

Levels and vault maps discovered:
D:1:      erik_arrival_cave_to_civilisation [erik_arrival_cave_to_hall],
          layout_basic
D:2:      layout_loops_ring
D:3:      layout_rooms, chequers_ecumenical_altar_twisty, due_unseen_surprise
D:4:      layout_loops_cross, first_ration, serial_shops, shop, uniq_sigmund,
          uniq_duvessa, uniq_natasha
D:5:      layout_loops_ring, minmay_temple_entry_butterflies,
          grunt_dithmenos_smoke_and_mirrors, uniq_pikel, uniq_grinder
D:6:      layout_loops_ring

Skill      XL: |  1  2  3  4  5  6  7  8 |
---------------+-------------------------+-----
Fighting       | 4 |  4.0
Long Blades    | 4 5 7 8 10 | 10.6
Armour         | 3 4 5 6 7 |  7.3
Dodging        | |  1.1

Action                   |  1- 3 |  4- 6 |  7- 9 || total
-------------------------+-------+-------+-------++-------
Melee: Falchion          |    84 |    75 |   116 ||   275
       Headbutt          |    13 |    17 |    29 ||    59
Throw: Javelin           |       |     7 |     7 ||    14
       Dart              |       |     2 |     6 ||     8
  Use: Scroll            |     1 |     1 |     4 ||     6
       Potion            |       |     1 |       ||     1
 Stab: Sleeping          |     1 |       |       ||     1
       Paralysed         |     2 |       |     2 ||     4
       Confused          |     1 |     1 |       ||     2
       Petrified         |       |       |     2 ||     2
  Eat: Chunk             |     1 |     4 |     5 ||    10
Armor: Leather armour    |    23 |    31 |    27 ||    81
Dodge: Dodged            |    48 |    48 |    43 ||   139
       Rpst.: Falchion   |    10 |    11 |    10 ||    31

Table legend:
 A = Non-vault XP
 B = Vault XP
 C = Vault XP percentage of total XP
 D = Non-vault monster count
 E = Vault monster count
 F = Vault count percentage of total count
                 A         B        C        D         E       F
            +---------+---------+-------+---------+---------+-------
      Total |    1156 |     785 |  40.4 |     109 |       8 |   6.8
            +---------+---------+-------+---------+---------+-------
        D:1 |      45 |       4 |   8.2 |      29 |       2 |   6.5
        D:2 |      94 |       0 |   0.0 |      17 |       0 |   0.0
        D:3 |     156 |       0 |   0.0 |      18 |       0 |   0.0
        D:4 |      94 |     470 |  83.3 |       9 |       4 |  30.8
        D:5 |     724 |     311 |  30.0 |      30 |       2 |   6.2
        D:6 |      43 |       0 |   0.0 |       6 |       0 |   0.0
            +---------+---------+-------+---------+---------+-------
